[Event "Titled Tuesday Blitz May 9 Early 2023"]
[White "Visakh N R"]
[Black "Sharapov, Evgeny"]
[WhiteFideId "25012223"]
[BlackFideId "14103133"]
[WhiteElo "2466"]
[BlackElo "2367"]
[Result "1/2-1/2"]
[Round "11"]
[TimeControl "180+2"]
[Date "2023.05.09"]
[WhiteClock "0:00:19"]
[BlackClock "0:00:24"]

1. e4 c5 2. Nf3 d6 3. d4 cxd4 4. Nxd4 Nf6 5. Nc3 Nc6 6. Bc4 Qb6 7. Nb3 e6 8. O-O Be7 9. Be3 Qc7 10. Be2 a6 11. a4 b6 12. f4 O-O 13. Bf3 Rb8 14. Kh1 Na5 15. Qe1 Nc4 16. Bc1 Bb7 17. Nd2 Nxd2 18. Bxd2 Rfd8 19. f5 exf5 20. exf5 d5 21. Bf4 Qxf4 22. Qxe7 Re8 23. Qa3 Qd2 24. Rad1 Qxc2 25. Nxd5 Nxd5 26. Bxd5 Bxd5 27. Rxd5 Qc4 28. Rdd1 Rbd8 29. Rc1 Qg4 30. h3 Qg5 31. Qf3 h5 32. Rce1 h4 33. b4 Qg3 34. Rxe8+ Rxe8 35. Qc6 Re1 36. Qc8+ Kh7 37. Qc4 Rxf1+ 38. Qxf1 a5 39. bxa5 bxa5 40. Qb5 Qe1+ 41. Kh2 Qg3+ 42. Kh1 Qe1+ 43. Kh2 Qg3+ 44. Kh1 1/2-1/2


[Site "https://www.chess.com"]

[Event "Titled Tuesday Blitz May 9 Early 2023"]
[White "Agibileg, Uurtsaikh"]
[Black "Djordjevic, Vuk"]
[WhiteFideId "4901606"]
[BlackFideId "902098"]
[WhiteElo "2353"]
[BlackElo "2452"]
[Result "1-0"]
[Round "11"]
[TimeControl "180+2"]
[Date "2023.05.09"]
[WhiteClock "0:01:22"]
[BlackClock "0:00:01"]

1. d4 Nf6 2. c4 e6 3. Nc3 Bb4 4. f3 d5 5. a3 Bxc3+ 6. bxc3 O-O 7. cxd5 exd5 8. e3 c5 9. Bd3 b6 10. Ne2 Ba6 11. O-O Re8 12. Ng3 h5 13. Ra2 Qc8 14. Re2 Nc6 15. Bb2 Bxd3 16. Qxd3 c4 17. Qc2 h4 18. Nf5 h3 19. Nd6 hxg2 20. Rxg2 Qe6 21. Nxe8 Qxe3+ 22. Kh1 Rxe8 23. Qf5 Re6 24. Rfg1 g6 25. Bc1 Ne7 26. Rxg6+ Kf8 27. Qh3 Qxc1 28. Qh8+ Nfg8 29. Rxg8+ Nxg8 30. Qxg8+ Ke7 31. Rxc1 1-0


[Site "https://www.chess.com"]

[Event "Titled Tuesday Blitz May 9 Early 2023"]
[White "Csonka, Balazs"]
[Black "Skliarov, Viktor"]
[WhiteFideId "742910"]
[BlackFideId "14106736"]
[WhiteElo "2404"]
[BlackElo "2317"]
[Result "0-1"]
[Round "11"]
[TimeControl "180+2"]
[Date "2023.05.09"]
[WhiteClock "0:00:03"]
[BlackClock "0:00:20"]

1. e4 c5 2. Nf3 Nc6 3. Bb5 e6 4. O-O Nge7 5. d4 cxd4 6. Nxd4 Qb6 7. Nxc6 bxc6 8. Bd3 Ng6 9. c4 c5 10. Nc3 Bb7 11. f4 Be7 12. Qe2 O-O 13. Be3 Qc6 14. Rad1 d6 15. Rf3 Bf6 16. Rh3 Bd4 17. Bxd4 Nxf4 18. Qg4 Nxh3+ 19. Qxh3 cxd4 20. Nd5 Rfe8 21. e5 h6 22. Rf1 exd5 23. Qf5 dxc4 24. Qh7+ Kf8 25. Rxf7+ Kxf7 26. Bg6+ Ke7 27. Qxg7+ Kd8 28. Qf6+ Kc7 0-1


[Site "https://www.chess.com"]

[Event "Titled Tuesday Blitz May 9 Early 2023"]
[White "Lorenzo De La Riva, Lazaro"]
[Black "Rozman, Levy"]
[WhiteFideId "2268809"]
[BlackFideId "2039877"]
[WhiteElo "2294"]
[BlackElo "2376"]
[Result "0-1"]
[Round "11"]
[TimeControl "180+2"]
[Date "2023.05.09"]
[WhiteClock "0:00:02"]
[BlackClock "0:00:08"]

1. e4 e5 2. Nf3 Nc6 3. Bc4 f5 4. d4 fxe4 5. Nxe5 d5 6. Bb5 Qd6 7. O-O Nf6 8. f3 a6 9. Bxc6+ bxc6 10. fxe4 dxe4 11. Bg5 Be7 12. Nc3 O-O 13. Bxf6 gxf6 14. Nc4 Qe6 15. Ne3 f5 16. g3 Bg5 17. Ng2 Rb8 18. b3 Rd8 19. Nf4 Qf6 20. Nce2 c5 21. c3 cxd4 22. cxd4 c5 23. d5 Qe5 24. Rc1 Be7 25. Qc2 Bd7 26. a4 Rb4 27. Rfd1 Bd6 28. Qc3 Rc8 29. Ne6 Bxe6 30. dxe6 Qxe6 31. Qd2 Be7 32. Nf4 Qf7 33. Qd7 Rbb8 34. Rd5 c4 35. bxc4 Bc5+ 36. Kg2 Qxd7 37. Rxd7 Be3 38. Rf1 Rb2+ 39. Kh3 Rc6 40. Nh5 Bf2 41. Rfd1 Rh6 42. Re7 Rxh5+ 43. Kg2 Bc5+ 44. Kf1 Bxe7 0-1


[Site "https://www.chess.com"]

[Event "Titled Tuesday Blitz May 9 Early 2023"]
[White "Wagner, Dennis"]
[Black "Manukyan, Sargis V."]
[WhiteFideId "24650684"]
[BlackFideId "13303465"]
[WhiteElo "2478"]
[BlackElo "2236"]
[Result "1-0"]
[Round "11"]
[TimeControl "180+2"]
[Date "2023.05.09"]
[WhiteClock "0:00:11"]
[BlackClock "0:00:00"]

1. d4 Nf6 2. Nf3 c5 3. d5 e6 4. Nc3 exd5 5. Nxd5 Nxd5 6. Qxd5 Be7 7. Ng5 O-O 8. h4 Nc6 9. c3 d6 10. Bf4 h6 11. e3 hxg5 12. hxg5 g6 13. Bc4 Be6 14. Qf3 Kg7 15. O-O-O Bxc4 16. Rh7+ Kg8 17. Rdh1 f5 18. Qh3 Bxg5 19. Rg7+ Kxg7 20. Qh7+ Kf6 21. Bxg5+ Ke6 22. Bxd8 Raxd8 23. Qxg6+ Rf6 24. Qg7 Rd7 25. Qg8+ Rdf7 26. b3 Bd5 27. f3 Kd7 28. Rh8 Kc7 29. Qc8+ Kb6 30. Qg8 Be6 31. Qg3 f4 32. exf4 Rxf4 33. Qe1 Bd7 34. Rh6 Re7 35. Qd2 Rf5 36. Rxd6 Rfe5 37. Rxd7 Re1+ 38. Kc2 R7e2 39. g4 Rxd2+ 40. Rxd2 Rf1 41. Rd3 Ne5 42. Rd6+ Kc7 43. Rd5 Nxf3 44. Rxc5+ Kb6 45. Rf5 Nh2 46. Rxf1 Nxf1 47. g5 Ne3+ 48. Kd3 Nf5 49. g6 Kc6 50. Ke4 Ng7 51. Ke5 Kc5 52. Kf6 Nh5+ 53. Kf7 b5 54. g7 Nxg7 55. Kxg7 b4 56. c4 a5 57. Kf6 a4 58. Ke5 a3 59. Ke4 Kc6 60. Kd4 Kd6 61. c5+ Kc6 62. Kc4 1-0


[Site "https://www.chess.com"]

[Event "Titled Tuesday Blitz May 9 Early 2023"]
[White "Sousa, Andre Ventura"]
[Black "Rakotomaharo, Fy Antenaina"]
[WhiteFideId "1917617"]
[BlackFideId "13100050"]
[WhiteElo "2333"]
[BlackElo "2427"]
[Result "0-1"]
[Round "11"]
[TimeControl "180+2"]
[Date "2023.05.09"]
[WhiteClock "0:00:00"]
[BlackClock "0:00:07"]

1. e4 c5 2. Nf3 d6 3. Bb5+ Nd7 4. d4 cxd4 5. Nxd4 Nf6 6. Bd3 g6 7. c4 Bg7 8. Nc3 O-O 9. O-O a6 10. a4 Ne5 11. Be2 Bd7 12. f4 Nc6 13. Nc2 Rc8 14. Kh1 Na5 15. Ne3 Be6 16. b3 Nxe4 17. Nxe4 Bxa1 18. f5 gxf5 19. Nxf5 Bxf5 20. Rxf5 Nc6 21. Bh6 Be5 22. Bh5 Kh8 23. Ng5 Bf6 24. Nxf7+ Rxf7 25. Bxf7 Qd7 26. Qg4 Ne5 27. Qh5 Nxf7 28. Qxf7 Qxf5 29. Bg7+ Bxg7 30. Qxf5 Rf8 31. Qd3 a5 32. g3 Be5 33. Kg2 Kg7 34. Qe3 Rf6 35. Qb6 Bc3 36. Qxb7 Bb4 37. Qxe7+ Kg6 38. Qe4+ Kg7 39. h4 h6 40. Kh3 Kf7 41. Qd5+ Ke7 42. Kg4 Re6 43. Qb7+ Kf6 44. Qh7 Ke5 45. Qd3 Kf6 46. Kf4 Ke7 47. Qh7+ Kd8 48. g4 Re5 49. Kf3 Bd2 50. Qg8+ Kd7 51. Qf7+ Kc6 52. Qa7 Bb4 53. Qa8+ Kc7 54. Qf8 Bd2 55. Qg7+ Kc6 56. Qf6 Kc7 57. Qf7+ Kc6 58. Qg8 Kc7 59. Qa8 Re3+ 60. Kf2 Re5 61. Qa7+ Kc6 62. Qd4 Bb4 63. Qf4 Bc5+ 64. Kf3 Bb4 65. g5 hxg5 66. hxg5 Re1 67. Qg4 Bc5 68. g6 Rf1+ 69. Ke2 Rg1 70. Qe4+ Kc7 71. Qe7+ Kc6 72. Qf7 Rg2+ 73. Kd3 Rg3+ 74. Ke4 Re3+ 75. Kf5 Rf3+ 76. Ke6 Rxf7 77. gxf7 d5 78. cxd5+ Kc7 79. Kf6 Bf8 80. Ke5 Kd7 81. Kf5 Kd6 82. Ke4 Bg7 83. f8=Q+ Bxf8 84. Kd4 Bh6 85. Kc4 Bd2 86. Kd4 Bb4 87. Kc4 Ke5 88. Kd3 Kxd5 89. Kc2 Kd4 90. Kc1 Kc3 91. Kb1 Kxb3 0-1


[Site "https://www.chess.com"]

[Event "Titled Tuesday Blitz May 9 Early 2023"]
[White "Klukin, Kirill"]
[Black "wqws"]
[WhiteFideId "24199273"]
[WhiteElo "2344"]
[BlackElo "2563"]
[Result "1-0"]
[Round "11"]
[TimeControl "180+2"]
[Date "2023.05.09"]
[WhiteClock "0:00:49"]
[BlackClock "0:01:32"]

1. f4 d5 2. Nf3 Nf6 3. g3 c5 4. Bg2 Nc6 5. O-O e6 6. d3 b6 7. Nc3 Bb7 8. e4 Be7 9. Bd2 O-O 10. h3 Nd4 11. e5 Nxf3+ 12. Bxf3 Nd7 13. Ne2 Qc7 14. c3 f5 15. g4 fxg4 16. Bxg4 Qc6 17. d4 Rf7 18. Ng3 g6 19. Qe2 a5 20. Qg2 Nf8 21. Kh2 a4 22. Rg1 Qb5 23. f5 exf5 24. Nxf5 Kh8 25. Nxe7 Rxe7 26. Bg5 Rf7 27. Raf1 Rxf1 28. Rxf1 Kg8 29. e6 Qc6 30. e7 Qd6+ 31. Qg3 Qxg3+ 32. Kxg3 1-0


[Site "https://www.chess.com"]

[Event "Titled Tuesday Blitz May 9 Early 2023"]
[White "HamedWafa4"]
[Black "Starozhilov, Leonid"]
[BlackFideId "14106752"]
[WhiteElo "2562"]
[BlackElo "2352"]
[Result "1-0"]
[Round "11"]
[TimeControl "180+2"]
[Date "2023.05.09"]
[WhiteClock "0:00:31"]
[BlackClock "0:00:00"]

1. e4 g6 2. d4 Bg7 3. Nc3 d6 4. f4 Nc6 5. Be3 Nf6 6. Nf3 Bg4 7. h3 Bxf3 8. Qxf3 e5 9. fxe5 dxe5 10. d5 Nd4 11. Qf2 c6 12. O-O-O cxd5 13. Bxd4 exd4 14. Bb5+ Kf8 15. Qxd4 Nxe4 16. Qb4+ Qd6 17. Nxd5 Qxb4 18. Nxb4 Nf2 19. Rhf1 Nxd1 20. Rxd1 Bh6+ 21. Kb1 Kg7 22. Nd5 Rad8 23. c4 a6 24. Ba4 Rd6 25. Re1 b5 26. Bb3 Rc8 27. cxb5 axb5 28. a3 Rc5 29. Nc3 Bd2 30. Rd1 Bf4 31. Rf1 Rxc3 32. bxc3 g5 33. Rd1 Rc6 34. Kc2 Be5 35. Rd3 Kg6 36. Bd5 Rc5 37. g4 h5 38. Be4+ Kh6 39. Bf5 h4 40. Kb3 1-0


[Site "https://www.chess.com"]

[Event "Titled Tuesday Blitz May 9 Early 2023"]
[White "Erzhanov, Arman"]
[Black "Leiva, Gianmarco"]
[WhiteFideId "4138821"]
[BlackFideId "3804399"]
[WhiteElo "2138"]
[BlackElo "2365"]
[Result "0-1"]
[Round "11"]
[TimeControl "180+2"]
[Date "2023.05.09"]
[WhiteClock "0:00:11"]
[BlackClock "0:00:02"]

1. e4 c5 2. Nf3 d6 3. d4 cxd4 4. Qxd4 Bd7 5. Be2 Nf6 6. h3 g6 7. O-O Bg7 8. Qe3 Bc6 9. Bd3 Nbd7 10. c4 Nc5 11. Nc3 Nxd3 12. Qxd3 O-O 13. Rb1 a6 14. b3 Nd7 15. Bb2 Nc5 16. Qe3 Bd7 17. Rfe1 b5 18. Nd2 bxc4 19. Nxc4 a5 20. Nd5 Bxb2 21. Rxb2 Be6 22. Qh6 Nd3 23. Rbe2 Nxe1 24. Rxe1 f6 25. h4 Rf7 26. Nf4 Bxc4 27. bxc4 Qf8 28. Qxf8+ Rfxf8 29. Nd5 Kf7 30. h5 e6 31. hxg6+ hxg6 32. Ne3 Rab8 33. Rd1 Ke7 34. Rd2 Rb1+ 35. Kh2 Rfb8 36. Rd3 Rc8 37. Ra3 Rc5 38. Kg3 f5 39. f3 Kf6 40. Ra4 Rc1 41. Kf2 Rc3 42. Ke2 f4 43. Ng4+ Kg5 44. Nf2 e5 45. Nd3 R5xc4 46. Rxa5 Rd4 47. Nf2 Re3+ 48. Kf1 Rc4 49. Rd5 Rc1+ 50. Nd1 Rc2 51. Nxe3 fxe3 52. Rxd6 Rf2+ 53. Ke1 Rxa2 54. Rd3 Kf4 55. Rd6 Ra1+ 56. Ke2 Ra2+ 57. Ke1 Rxg2 58. Rf6+ Kg5 59. Re6 Kf4 60. Rf6+ Kg5 61. Re6 Ra2 62. Rxe5+ Kf4 63. Re6 Kxf3 64. Rf6+ Kxe4 65. Rxg6 Ra1+ 66. Ke2 Ra2+ 67. Ke1 Ra5 68. Rb6 Rf5 69. Rb4+ Kf3 70. Rb8 Rf7 71. Rc8 Re7 72. Rf8+ Ke4 73. Ke2 Re6 74. Rh8 Rf6 75. Rh4+ Rf4 76. Rh2 Rg4 77. Ke1 Kd3 78. Rh1 Ra4 79. Kf1 Ra1+ 80. Kg2 Ra7 81. Rh8 Ke2 82. Re8 Rg7+ 83. Kh3 Kf2 84. Rf8+ Ke1 85. Re8 e2 86. Re5 Rg1 87. Kh2 Rf1 88. Kg2 Kd1 89. Rd5+ Kc2 90. Rc5+ Kb1 91. Rb5+ Ka2 92. Ra5+ Kb2 93. Rb5+ Ka3 94. Rf5 e1=Q 95. Rxf1 Qe2+ 96. Rf2 Qg4+ 97. Kf1 Kb3 98. Rg2 Qf3+ 99. Rf2 Qh3+ 100. Ke1 Kc4 101. Re2 Kd3 102. Rd2+ Kc3 103. Re2 Qg3+ 104. Kf1 Kd3 105. Rg2 Qf3+ 106. Rf2 Qh1# 0-1


[Site "https://www.chess.com"]

[Event "Titled Tuesday Blitz May 9 Early 2023"]
[White "Hua, Lefong"]
[Black "Vlassov, Nikolai"]
[WhiteFideId "2602253"]
[BlackFideId "4103360"]
[WhiteElo "2701"]
[BlackElo "2324"]
[Result "0-1"]
[Round "11"]
[TimeControl "180+2"]
[Date "2023.05.09"]
[WhiteClock "0:00:42"]
[BlackClock "0:01:18"]

1. d4 Nf6 2. c4 Nc6 3. Nf3 e6 4. g3 Bb4+ 5. Bd2 a5 6. Bg2 d6 7. O-O e5 8. d5 Nb8 9. Nc3 O-O 10. a3 Bc5 11. e4 c6 12. Rb1 cxd5 13. cxd5 Na6 14. Re1 Bd7 15. Na4 Ba7 16. b4 axb4 17. axb4 Ng4 18. Re2 Bb5 19. Be1 Bxe2 20. Qxe2 f5 21. exf5 Nh6 22. Bh3 Nxf5 23. Qe4 g6 24. Bd2 Qf6 25. Rf1 Nxg3 26. hxg3 Qxf3 27. Be6+ Kh8 28. Qxf3 Rxf3 29. Kg2 Raf8 30. Be1 Nc7 31. Nb2 R3f6 32. Bg4 Nxd5 33. Nc4 b5 34. Na5 Ne3+ 0-1


[Site "https://www.chess.com"]

[Event "Titled Tuesday Blitz May 9 Early 2023"]
[White "egorchess95"]
[Black "Kucuksari, Kaan"]
[BlackFideId "6380166"]
[WhiteElo "2545"]
[BlackElo "2364"]
[Result "0-1"]
[Round "11"]
[TimeControl "180+2"]
[Date "2023.05.09"]
[WhiteClock "0:00:08"]
[BlackClock "0:00:07"]

1. e4 Nf6 2. e5 Nd5 3. c4 Nb6 4. c5 Nd5 5. Bc4 e6 6. d4 d6 7. cxd6 cxd6 8. Nf3 dxe5 9. dxe5 Nb6 10. Bd3 Nc6 11. O-O Nb4 12. Bb5+ Bd7 13. Bxd7+ Qxd7 14. Qe2 Qd3 15. Qxd3 Nxd3 16. Nc3 Be7 17. Rd1 Nxc1 18. Raxc1 O-O 19. Nb5 Rfd8 20. Rxd8+ Rxd8 21. Kf1 a6 22. Rc7 Rd7 23. Rxd7 Nxd7 24. Nc3 Bd8 25. Ne4 Bc7 26. Nd6 Nxe5 27. Nxb7 Nxf3 28. gxf3 Bxh2 29. Nc5 a5 30. a3 Bd6 31. Nb7 Bc7 32. b4 axb4 33. axb4 h5 34. Nc5 Kf8 35. Kg2 Ke7 36. Kh3 g5 37. Kg2 f5 38. Nd3 Kd6 39. Kh3 Kd5 40. Nc5 Bd6 41. Nd7 Be7 42. b5 Bd8 43. b6 Kc6 44. Nf8 e5 45. Ne6 Bf6 46. Nf8 Be7 47. Ng6 Bd6 48. Nh8 Kxb6 49. Nf7 g4+ 50. Kh4 Bc7 51. Kxh5 gxf3 52. Nh6 f4 53. Nf7 e4 54. Ng5 e3 55. Nxf3 exf2 56. Nd2 Kc5 57. Kg4 Kd4 58. Kf3 Kd3 59. Nf1 Bb6 60. Kxf4 Ke2 61. Ng3+ Ke1 62. Kf3 Bc7 63. Nf1 Kxf1 64. Ke3 Ke1 65. Ke4 f1=Q 66. Kd5 Qe2 67. Kc6 Bf4 68. Kb7 Qe4+ 69. Ka7 Qb4 70. Ka6 Be5 71. Ka7 Bc7 72. Ka8 Qb8# 0-1


[Site "https://www.chess.com"]

[Event "Titled Tuesday Blitz May 9 Early 2023"]
[White "surrenderPLS"]
[Black "Volkov, Maksim"]
[BlackFideId "54123070"]
[WhiteElo "2540"]
[BlackElo "2297"]
[Result "0-1"]
[Round "11"]
[TimeControl "180+2"]
[Date "2023.05.09"]
[WhiteClock "0:00:00"]
[BlackClock "0:00:03"]

1. e4 c5 2. Nf3 d6 3. d4 cxd4 4. Nxd4 Nf6 5. Nc3 a6 6. Rg1 e5 7. Nb3 h5 8. h3 Be6 9. g4 hxg4 10. hxg4 d5 11. exd5 Nxd5 12. Nxd5 Qxd5 13. Be3 Nc6 14. Bg2 Qxd1+ 15. Rxd1 Rd8 16. Bxc6+ bxc6 17. Rxd8+ Kxd8 18. Nc5 Bxc5 19. Bxc5 Rh4 20. f3 Rh2 21. Bf2 Kc7 22. Ke2 f6 23. Ke3 Rh3 24. Rg3 Rh1 25. Rg1 Rh3 26. Rg3 Rh2 27. a3 g6 28. Rg1 c5 29. b3 Kc6 30. Rc1 Rh3 31. Rg1 Bd5 32. Rg3 Rh2 33. c4 Be6 34. Rg1 Bf7 35. Rd1 Be6 36. Rd8 Rh1 37. Re8 Kd7 38. Ra8 Rb1 39. Ra7+ Ke8 40. Rxa6 Rxb3+ 41. Ke4 Bxc4 42. Rxf6 Rxa3 43. Bxc5 Rc3 44. Kxe5 Be2 45. Bd4 Rxf3 46. Rxg6 Bd3 47. Re6+ Kf7 48. Rb6 Bc2 49. Rb7+ Kg6 50. Ke6 Rf1 51. Rg7+ Kh6 52. Be5 Re1 53. g5+ Kh5 54. Rg8 Bb3+ 55. Kf6 Bxg8 56. Bf4 Rf1 57. Kf5 Bh7+ 58. Ke5 Kg6 59. Be3 Re1 60. Kd4 Re2 61. Kd3 Rg2 62. Ke4 Rg4+ 63. Kf3 Kf5 64. Bd2 Bg6 65. Be3 Bf7 66. Kf2 Bd5 67. Bc1 Rg2+ 68. Ke3 Rxg5 69. Kd4 Rg1 70. Be3 Rd1+ 71. Kc5 Ke4 72. Bf2 Be6 73. Bh4 Ke5 74. Bg3+ Kf5 75. Bh4 Ba2 76. Bg3 Ke6 77. Bf4 Rd5+ 78. Kc6 Bb3 79. Bg3 Ba4+ 80. Kb6 Rb5+ 81. Ka6 Rb1 82. Ka5 Bc6 83. Bf2 Kd5 84. Ka6 Bd7 85. Be3 Kc6 86. Ka5 Kd5 0-1


[Site "https://www.chess.com"]

[Event "Titled Tuesday Blitz May 9 Early 2023"]
[White "Baghdasaryan, Vahe"]
[Black "Srihari L R"]
[WhiteFideId "13303139"]
[BlackFideId "46617116"]
[WhiteElo "2216"]
[BlackElo "2334"]
[Result "0-1"]
[Round "11"]
[TimeControl "180+2"]
[Date "2023.05.09"]
[WhiteClock "0:00:00"]
[BlackClock "0:00:23"]

1. d4 Nf6 2. c4 e6 3. Nf3 d5 4. g3 dxc4 5. Bg2 Bd7 6. Ne5 Bc6 7. Nxc6 Nxc6 8. Bxc6+ bxc6 9. Qa4 Qd5 10. O-O Qb5 11. Qc2 Nd5 12. a3 Rb8 13. e4 Nb6 14. Nc3 Qb3 15. Qe2 Bd6 16. Bg5 h6 17. Be3 O-O 18. e5 Be7 19. Qg4 Kh8 20. Ne4 Nd5 21. Rae1 Qxb2 22. Qh5 Kh7 23. Bg5 Bxg5 24. Nxg5+ Kg8 25. Re4 Qc2 26. Rh4 Rb1 27. Rg4 Rxf1+ 28. Kxf1 c3 29. Ne4 Qd1+ 30. Kg2 c2 31. Nf6+ Kh8 32. Rxg7 Kxg7 0-1


[Site "https://www.chess.com"]

[Event "Titled Tuesday Blitz May 9 Early 2023"]
[White "Manukyan, Sargis A."]
[Black "Staudenhocker43"]
[WhiteFideId "13303970"]
[WhiteElo "2187"]
[BlackElo "2530"]
[Result "1/2-1/2"]
[Round "11"]
[TimeControl "180+2"]
[Date "2023.05.09"]
[WhiteClock "0:01:54"]
[BlackClock "0:00:08"]

1. d4 Nf6 2. c4 e6 3. Nc3 Bb4 4. a3 Bxc3+ 5. bxc3 c5 6. e3 Nc6 7. Bd3 b6 8. Ne2 O-O 9. O-O Ba6 10. e4 Ne8 11. f4 f5 12. exf5 exf5 13. dxc5 bxc5 14. Be3 d6 15. Ng3 g6 16. Re1 Nf6 17. Bf2 Qc7 18. Nf1 Rae8 19. Ne3 Bb7 20. Nd5 Nxd5 21. cxd5 Nd8 22. c4 Bc8 23. Qd2 Bd7 24. Qc3 Rxe1+ 25. Rxe1 Re8 26. Rxe8+ Bxe8 27. Bh4 Nf7 28. h3 Ba4 29. Qf6 Qd7 30. Be1 Qd8 31. Bc3 Qxf6 32. Bxf6 Kf8 33. Kf2 Nh6 34. Bg5 Nf7 35. Bf6 Nh6 36. Bd8 Ke8 37. Bc7 Kd7 38. Ba5 Bb3 39. Bc3 Ke7 40. Kg3 Nf7 41. Kh4 h5 42. g4 hxg4 43. hxg4 Nh6 44. gxf5 Nxf5+ 45. Kg5 Kf7 46. Ba5 a6 47. Bc7 Ba2 48. Bb8 Bb3 49. Ba7 Ba2 50. Bb6 Bb3 51. Ba5 Kg7 52. Bc3+ Kf7 53. Be1 Ba2 54. Bf2 Bb3 55. Kg4 Kf6 56. Kf3 Ne7 57. Bh4+ Kf7 58. Ke2 Nf5 59. Bf2 Kf6 60. Kd2 g5 61. fxg5+ Kxg5 62. Kc3 Ba2 63. Bc2 a5 64. a4 Kf4 65. Bd3 Ne3 66. Be1 Kf3 67. Bd2 Nd1+ 68. Kc2 Ne3+ 69. Kc3 Nd1+ 70. Kc2 Ne3+ 71. Kb2 Bxc4 72. Bb1 Bxd5 73. Bxa5 Nc4+ 74. Kc3 Nxa5 75. Bd3 Bc6 76. Bc2 Ke3 77. Bd1 d5 78. Kb2 d4 79. Kc1 c4 80. Bc2 c3 81. Kd1 d3 82. Kc1 dxc2 83. Kxc2 Kd4 84. Kc1 Bxa4 85. Kb1 Kd3 86. Kc1 Nb3+ 87. Kb1 c2+ 88. Ka2 c1=Q 1/2-1/2


[Site "https://www.chess.com"]

[Event "Titled Tuesday Blitz May 9 Early 2023"]
[White "Sahib Singh"]
[Black "Sanhueza, Cristian"]
[WhiteFideId "25618342"]
[BlackFideId "116815"]
[WhiteElo "1934"]
[BlackElo "2174"]
[Result "0-1"]
[Round "11"]
[TimeControl "180+2"]
[Date "2023.05.09"]
[WhiteClock "0:00:51"]
[BlackClock "0:00:10"]

1. e4 e5 2. Nf3 Nc6 3. Bb5 a6 4. Ba4 Nf6 5. O-O Be7 6. Bxc6 dxc6 7. d3 Nd7 8. Nbd2 f6 9. b3 Nf8 10. Bb2 Bg4 11. h3 Bh5 12. Re1 Ne6 13. Nf1 g5 14. Ng3 Bg6 15. Nh2 h5 16. Nhf1 h4 17. Ne2 Qd7 18. Ne3 O-O-O 19. a3 Nf4 20. b4 Bh5 21. f3 Nxh3+ 22. gxh3 Qxh3 23. Rf1 Bxf3 24. Kf2 g4 25. Rh1 Bxh1 26. Qxh1 g3+ 27. Kf3 Qe6 28. Nf5 Rdg8 29. Qh3 Kb8 30. Rg1 Rg5 31. Nc3 Rhg8 32. Bc1 R5g6 33. Qxh4 g2 34. Nd1 a5 35. Nde3 axb4 36. axb4 Bxb4 37. Rxg2 Rxg2 38. Nxg2 Bc5 39. Be3 Bxe3 40. Ngxe3 b5 41. Ng4 Kb7 42. Qxf6 Qa2 43. Nxe5 Qxc2 44. Ne3 Qc1 45. N5g4 Qa3 46. Ne5 Rf8 47. N3g4 Rxf6+ 48. Nxf6 b4 49. Nfd7 Qc3 50. Ke3 b3 51. Nc4 b2 52. Nc5+ Kc8 53. Na4 b1=Q 54. Nxc3 Qc1+ 55. Kd4 c5+ 56. Kxc5 Qxc3 57. d4 Kd7 58. d5 Qc1 59. e5 Qg1+ 60. Kb5 Qd4 61. e6+ Ke7 62. d6+ cxd6 63. Na5 Qc5+ 64. Ka6 Kxe6 65. Nb7 Qc6+ 66. Ka7 Qxb7+ 67. Kxb7 d5 68. Kb6 d4 69. Kb5 d3 70. Ka6 d2 71. Ka7 d1=Q 72. Kb8 Qc2 73. Ka8 Qb2 74. Ka7 Kd6 75. Ka8 Kc7 76. Ka7 Qa2# 0-1


[Site "https://www.chess.com"]

[Event "Titled Tuesday Blitz May 9 Early 2023"]
[White "Antal, Gergely"]
[Black "Korelskiy, Egor"]
[WhiteFideId "717312"]
[BlackFideId "34329064"]
[WhiteElo "2471"]
[BlackElo "2156"]
[Result "1-0"]
[Round "11"]
[TimeControl "180+2"]
[Date "2023.05.09"]
[WhiteClock "0:00:02"]
[BlackClock "0:00:00"]

1. Nc3 d5 2. e4 d4 3. Nce2 e5 4. c3 dxc3 5. bxc3 Nf6 6. Qc2 b6 7. Nf3 Bd6 8. d4 Nbd7 9. Ng3 O-O 10. Bd3 Bb7 11. O-O c5 12. Nf5 Bc7 13. d5 g6 14. d6 gxf5 15. dxc7 Qxc7 16. Nd2 c4 17. Nxc4 Bxe4 18. Ne3 Nc5 19. Bxe4 Ncxe4 20. Nxf5 Qxc3 21. Qe2 Qxa1 22. Bb2 Qxa2 23. f3 Qa4 24. fxe4 Qxe4 25. Qf2 Ng4 26. Qg3 h5 27. h3 Kh7 28. hxg4 Qxg4 29. Qxe5 Qg6 30. Ne7 Qg4 31. Rf4 1-0


[Site "https://www.chess.com"]

[Event "Titled Tuesday Blitz May 9 Early 2023"]
[White "Andrews, Todd"]
[Black "Tasev, Dejan"]
[WhiteFideId "2012456"]
[BlackFideId "936618"]
[WhiteElo "2173"]
[BlackElo "2244"]
[Result "1-0"]
[Round "11"]
[TimeControl "180+2"]
[Date "2023.05.09"]
[WhiteClock "0:00:31"]
[BlackClock "0:00:03"]

1. e4 e5 2. Nf3 Nc6 3. Bb5 a6 4. Ba4 Nf6 5. O-O b5 6. Bb3 Be7 7. c3 O-O 8. Re1 d5 9. exd5 Nxd5 10. Nxe5 Nxe5 11. Rxe5 Bb7 12. d4 Nf6 13. Re1 Bd6 14. Bg5 h6 15. Bh4 c5 16. Nd2 cxd4 17. cxd4 Rc8 18. Nf3 Re8 19. Ne5 Rc7 20. Rc1 Rxc1 21. Qxc1 Re7 22. Bxf6 gxf6 23. Nxf7 Rxf7 24. Qxh6 Qd7 25. Qxf6 Bf8 26. Qg6+ Bg7 27. Bxf7+ Qxf7 28. Re8+ 1-0


[Site "https://www.chess.com"]

[Event "Titled Tuesday Blitz May 9 Early 2023"]
[White "Hossain, Enamul"]
[Black "Yaniuk, Volodymyr"]
[WhiteFideId "10200649"]
[BlackFideId "14133083"]
[WhiteElo "2433"]
[BlackElo "2141"]
[Result "1-0"]
[Round "11"]
[TimeControl "180+2"]
[Date "2023.05.09"]
[WhiteClock "0:00:25"]
[BlackClock "0:00:24"]

1. e4 e5 2. Nf3 Nc6 3. Bb5 Nf6 4. O-O Nxe4 5. Re1 Nd6 6. Nxe5 Be7 7. Bf1 Nxe5 8. Rxe5 O-O 9. Nc3 Ne8 10. Nd5 Bd6 11. Re1 c6 12. Ne3 Bc7 13. Nf5 d5 14. Ne7+ Kh8 15. Nxc8 Rxc8 16. d4 Nf6 17. Bd3 Qd6 18. g3 Rce8 19. Bf4 Qd7 20. Bxc7 Qxc7 21. Qf3 Rxe1+ 22. Rxe1 Re8 23. Rxe8+ Nxe8 24. Qe3 Nf6 25. Qe5 Qxe5 26. dxe5 Nd7 27. f4 Kg8 28. Kf2 g6 29. Ke3 Kf8 30. c4 dxc4 31. Bxc4 Ke7 32. b4 f6 33. Ke4 b6 34. g4 a5 35. a3 axb4 36. axb4 fxe5 37. fxe5 Nf8 38. g5 Ne6 39. h4 Kf7 40. b5 cxb5 41. Bxb5 Nc7 42. Bc4+ Ne6 43. Kd5 Ke7 44. Kc6 Nd8+ 45. Kxb6 Nf7 46. Bxf7 Kxf7 47. Kc5 Ke6 48. Kd4 Kf5 49. Kd5 Kg4 50. e6 Kxh4 51. e7 Kxg5 52. e8=Q h5 53. Ke4 h4 54. Kf3 1-0


[Site "https://www.chess.com"]

[Event "Titled Tuesday Blitz May 9 Early 2023"]
[White "Weishaeutel, Moritz"]
[Black "WindWhistler11"]
[WhiteFideId "12967300"]
[WhiteElo "2301"]
[BlackElo "2503"]
[Result "0-1"]
[Round "11"]
[TimeControl "180+2"]
[Date "2023.05.09"]
[WhiteClock "0:00:00"]
[BlackClock "0:00:04"]

1. e4 e6 2. d4 d5 3. exd5 exd5 4. Nf3 Nc6 5. Nc3 Bb4 6. Bd3 Nge7 7. O-O Bg4 8. a3 Ba5 9. h3 Bh5 10. Be2 Bb6 11. Bg5 f6 12. Be3 O-O 13. Nh4 Bf7 14. Na4 g5 15. Nf3 Nf5 16. Nxb6 axb6 17. Bc1 Re8 18. Bd3 Nd6 19. c3 Bg6 20. Bxg6 hxg6 21. Qd3 Kg7 22. Be3 Qd7 23. Rfe1 g4 24. Nh4 Ne4 25. f3 gxf3 26. Nxf3 Re7 27. Nd2 Rae8 28. Nxe4 Rxe4 29. Bf2 Na5 30. Bg3 Qc6 31. Rf1 Nc4 32. b3 Re3 33. Qc2 Rxg3 34. bxc4 Qxc4 35. Qf2 Rg5 36. Qxf6+ Kh6 37. Rf4 Qxc3 0-1


[Site "https://www.chess.com"]

[Event "Titled Tuesday Blitz May 9 Early 2023"]
[White "Balint, Vilmos"]
[Black "MKlose11"]
[WhiteFideId "718050"]
[WhiteElo "2034"]
[BlackElo "2603"]
[Result "0-1"]
[Round "11"]
[TimeControl "180+2"]
[Date "2023.05.09"]
[WhiteClock "0:01:03"]
[BlackClock "0:00:56"]

1. e4 e6 2. d4 d5 3. Nc3 Bb4 4. e5 Ne7 5. Qg4 g6 6. f4 c5 7. Ne2 Nbc6 8. Be3 Nf5 9. Bf2 cxd4 10. a3 dxc3 11. axb4 Nxb4 12. Kd1 cxb2 13. Rb1 Qa5 14. Qf3 Qa4 15. Qb3 Qxb3 16. cxb3 Bd7 17. g4 Ne7 18. Nd4 Nec6 19. Nb5 O-O 20. Rxb2 f6 21. Bc5 fxe5 22. Bxf8 Rxf8 23. fxe5 Nxe5 24. Nd6 Nxg4 25. Kc1 a6 26. Nxb7 Nf2 27. Rg1 Nfd3+ 28. Kb1 Nxb2 29. Kxb2 e5 30. Nc5 Bb5 31. Bh3 Rf2+ 32. Kb1 a5 33. Rd1 Kg7 34. Ne6+ Kh6 35. Nc7 Bd3+ 36. Rxd3 Nxd3 37. Nxd5 Rxh2 0-1


[Site "https://www.chess.com"]